 Dungeon Crawl Stone Soup version 0.30-a0-586-g23e55c9e0a (webtiles) character file.

Game seed: 17914383511986681754

149 PyroL the Changer (level 5, 0/49 HPs)
             Began as an Octopode Transmuter on Jan 3, 2023.
             Slain by a bullfrog (1 damage)
             ... in a sewer.
             The game lasted 00:04:43 (1581 turns).

PyroL the Changer (Octopode Transmuter)             Turns: 1581, Time: 00:04:43

Health: 0/49       AC: 22    Str:  9    XL:     5   Next: 31%
Magic:  6/8        EV:  2    Int: 17    God:
Gold:   97         SH:  0    Dex: 13    Spells: 2/8 levels left

rFire   . . .      SeeInvis +      - Unarmed
rCold   . . .      Faith    .    (no shield)
rNeg    . . .      Spirit   .    (helmet currently unavailable)
rPois   +          Reflect  .    (no amulet)
rElec   .          Harm     .    d - ring of see invisible
rCorr   .          Rampage  .    (no ring)
Will    .....      NoTele   +    (no ring)
Stlth   +                        (no ring)
HPRegen 0.28/turn                (no ring)
MPRegen 0.11/turn                (no ring)
                                 (no ring)
                                 (no ring)

@: tree-form, very slow
A: stationary, stasis, torment immunity, boosted hp, almost no armour,
(amphibious), 8 rings, (camouflage 1), (gelatinous body 1), (nimble swimmer 1),
(tentacles)
a: no special abilities


You were in a sewer.
You were a tree.
You visited 1 branch of the dungeon, and saw 4 of its levels.
You also visited: Sewer.

You collected 97 gold pieces.

Inventory:

Jewellery
 d - a ring of see invisible (left branch)
Scrolls
 f - a scroll of fear {unknown}
 i - a scroll of poison {unknown}
 j - a scroll of teleportation {unknown}
Potions
 b - a potion of ambrosia
 e - a potion of heal wounds {unknown}
 g - a potion of curing {unknown}
 h - a potion of attraction {unknown}
 k - a potion of brilliance {unknown}


   Skills:
 - Level 1.0 Fighting
 - Level 2.0 Dodging
 - Level 3.0 Unarmed Combat
 - Level 2.0 Spellcasting
 + Level 4.6 Transmutations
 - Level 3.0 Poison Magic


You had 2 spell levels left.
You knew the following spells:

 Your Spells              Type           Power      Damage    Failure   Level
a - Beastly Appendage     Tmut           34%        N/A       3%          1
b - Wereblood             Tmut           17%        N/A       4%          2
c - Spider Form           Tmut/Pois      14%        N/A       12%         3

Your spell library contained the following spells:

 Spells                   Type           Power      Damage    Failure   Level
 Ice Form                 Ice/Tmut       9%         N/A       58%         4


Dungeon Overview and Level Annotations

Branches:
Dungeon (4/15)              Sewer (1/1)
 Temple: D:4-7

Altars:
Uskayaw


Innate Abilities, Weirdness & Mutations

You are a tree.
Your roots penetrate the ground, keeping you stationary.
You cannot be teleported.
You are immune to unholy pain and torment.
Your maximum health is greatly increased.
You cannot wear most types of armour.
((You are amphibious.))
You can wear up to eight rings at the same time.
((Your skin changes colour to match your surroundings (Stealth+).))
((Your rubbery body absorbs attacks. (AC +1, EV +1)))
((You are camouflaged when in or above water. (Stealth+)))
((You have tentacles for arms and can constrict up to eight enemies at once.))


Message History

The quokka barely misses you. The adder barely misses you.
You tentacle-slap the adder. You squeeze the adder.
You kill the adder!
You feel sick. The ball python bites you. The ball python grabs you.
The ball python constricts you. The ball python bites you.
The giant cockroach bites you. The bullfrog hits you.
The quokka closely misses you.
You escape the ball python's grasp.
The quokka attacks as you move away! The quokka closely misses you.
You enter the shallow water.
You feel sick.
Your magical contamination has completely faded away.
You tentacle-slap the giant cockroach but do no damage.
Your grab misses the giant cockroach.
You feel sick. The bullfrog hits you.
* * * LOW HITPOINT WARNING * * *
The giant cockroach closely misses you. The bullfrog hits you.
* * * LOW HITPOINT WARNING * * *
Unknown command.
It was a potion of flight.
You feel very buoyant.
You fly up into the air.
Your transformation is almost over.
You feel sick. The giant cockroach barely misses you. The bullfrog misses you.
The bullfrog hits you.
* * * LOW HITPOINT WARNING * * *
The quokka splashes around in the water.
The giant cockroach misses you.
Really quaff the potion of lignification?
Your tentacle spike disappears.
You turn into a tree.
Your roots penetrate the ground.
Splash!
You fall into the shallow water.
Moving in this stuff is going to be slow.
You feel sick.
You are no longer poisoned.
The bullfrog hits you but does no damage.
The bullfrog hits you.
* * * LOW HITPOINT WARNING * * *
The quokka splashes around in the water.
The bullfrog hits you but does no damage.
The giant cockroach barely misses you. The bullfrog hits you.
You die...

#.~##~~#≈≈~~~≈≈#~~###~#~~#
#~~#†~##≈≈~~~.≈##~.~#~#~~#
#~~#~~#≈≈~~~~~.≈#.~∩#†#.~#
#~.#~~#≈≈~.~~.~≈#~~~#~#.~#
#~~#~~#≈~.(.~~~~#~.##~#~~#
#~~#.~#≈~.)?.~~~#~~#~.#~†#
#~†#~.#≈..($$~S~#.~#~÷#~~#
#~~#.~##≈~.?~.F##..#.~~~~#
#..##~~#≈~~.~SB♣~~.#~÷÷~~#
#~.~#~~##≈~~~~rF.###~~~~.#
##.~#~~.##≈~.~~###~#######
#~~##.~~#######~~~~~#
#~~~#~~~~~~~~~.~~~~.#
##..##~~.~.†~~~##.~##
#~~~##~~~~..~##~~##
#.~~.###~~~###~~~#
##~~.~~#####~.~~~#


You could see 2 bullfrogs, a quokka, a giant cockroach and 2 ball pythons.

Vanquished Creatures
  A gnoll (D:1)
  A river rat (D:3)
  4 adders (Sewer)
  A worm (D:3)
  A dart slug (D:1)
  20 ball pythons
  8 bats
  11 endoplasms
  6 giant cockroaches
  2 hobgoblins
  6 quokkas
  16 frilled lizards
  3 goblins
  4 kobolds
  4 rats
88 creatures vanquished.

Notes
Turn   | Place    | Note
-------+----------+-------------------------------------------
     0 | D:1      | PyroL the Octopode Transmuter began the quest for the Orb.
     0 | D:1      | Reached XP level 1. HP: 13/13 MP: 3/3
    47 | D:1      | Reached skill level 1 in Poison Magic
    50 | D:1      | Reached XP level 2. HP: 10/18 MP: 3/5
   124 | D:1      | Found a faded altar of an unknown god.
   234 | D:1      | Reached XP level 3. HP: 23/23 MP: 4/6
   249 | D:1      | Learned a level 2 spell: Wereblood
   367 | D:1      | Reached skill level 3 in Transmutations
   930 | D:2      | Identified the +4 ring mail of Ynuig {-Tele Harm Str+3
                  | Stlth+}
   930 | D:2      | You fall into a shaft and drop 2 floors!
   935 | D:4      | Noticed an ogre
   957 | D:3      | Found a glowing drain.
   957 | D:3      | Found a hide-covered altar of Uskayaw.
   959 | D:3      | Noticed a +0 dagger
   959 | D:3      | Noticed a +0 hand axe
   973 | D:3      | Reached XP level 4. HP: 21/28 MP: 4/7
  1009 | Sewer    | Entered a sewer
  1196 | Sewer    | Learned a level 3 spell: Spider Form
  1332 | Sewer    | Reached skill level 4 in Transmutations
  1440 | Sewer    | Reached XP level 5. HP: 33/33 MP: 5/8
  1581 | Sewer    | HP: 1/49 [bullfrog (2)]
  1581 | Sewer    | Slain by a bullfrog

Illustrated notes

Levels and vault maps discovered:
D:1:      enne_arrival_octagon_isle, layout_rooms,
          hellmonk_ecumenical_altar_heavens_door, minmay_octomino_e4
D:2:      layout_loops_ring, uniq_natasha, uniq_robin
D:3:      layout_basic, nicolae_ashenzari_panopticon, dancing_weapons_uskayaw,
          tgw_sif, serial_shops, nicolae_shop_bloodbath_and_beyond,
          portal_sewer_entry_b, uniq_crazy_yiuf_cottage, uniq_grinder
D:4:      layout_layer_cave, mainiacjoe_overflow_concentric_impassable,
          gammafunk_ghost_grave, serial_shops, shop
Sewer:    sewer_frog_island_02

Skill      XL: |  1  2  3  4 |
---------------+-------------+-----
Poison Magic   | 1 2 3 |  3.0
Transmutations | 3 4 |  4.6
Fighting       | |  1.0
Dodging        | |  2.0
Unarmed Combat | |  3.0
Spellcasting   | |  2.0

Action                   |  1- 3 |  4- 6 || total
-------------------------+-------+-------++-------
Melee: Unarmed           |    84 |    82 ||   166
       Kick              |    27 |    28 ||    55
       Tentacles         |    11 |    14 ||    25
       Constrict         |    25 |    24 ||    49
       Punch             |     2 |     2 ||     4
 Cast: Beastly Appendage |    19 |     9 ||    28
       Wereblood         |     2 |     4 ||     6
  Use: Scroll            |     1 |       ||     1
       Potion            |       |     2 ||     2
 Stab: Sleeping          |     6 |     2 ||     8
Armor: Skin              |     8 |     4 ||    12
Dodge: Dodged            |    54 |    63 ||   117

Table legend: (Time is in decaauts)
 A = Elapsed time spent in this place.
 B = Non-inter-level travel time spent in this place.
 C = Inter-level travel time spent in this place.
 D = Time resting spent in this place.
 E = Time spent auto-exploring this place.
 F = Levels seen in this place.
 G = Mean time per level.
                   A        B        C        D        E       F      G
               +--------+--------+--------+--------+--------+-----+--------+
         Total |   1569 |   1565 |      4 |    322 |    759 |   5 |  313.8 |
       Dungeon |   1002 |    998 |      4 |     69 |    631 |   4 |  250.5 |
         Sewer |    567 |    567 |      0 |    253 |    128 |   1 |  567.0 |
               +--------+--------+--------+--------+--------+-----+--------+

Top non-repeatable levels by time:
     D:1: 655 daAuts
   Sewer: 567 daAuts
     D:2: 268 daAuts
     D:3: 51 daAuts
     D:4: 26 daAuts
